 Dungeon Crawl Stone Soup version 0.18-a0-1171-ga8e22e7 (webtiles) character file.

146 sireyedyealot the Covered (level 5, 0/36 HPs)
             Began as a Demonspawn Wanderer on Jan 27, 2016.
             Was a Follower of Yredelemnul.
             Slain by leafyfresh's ghost (2 damage)
             ... on level 3 of the Dungeon.
             The game lasted 00:23:05 (3228 turns).

sireyedyealot the Covered (Demonspawn Wanderer)     Turns: 3228, Time: 00:23:05

Health: 0/36       AC:  4    Str: 10    XL:     5   Next: 7%
Magic:  0/7        EV: 12    Int: 15    God:    Yredelemnul [*.....]
Gold:   175        SH:  0    Dex: 14    Spells: 2 memorised, 3 levels left

rFire  . . .     SeeInvis .     x - +2 hunting sling (flame)
rCold  . . .     Gourm    .     w - +0 animal skin
rNeg   . . .     Faith    .     (no shield)
rPois  .         Spirit   .     (no helmet)
rElec  .         Dismiss  .     (no cloak)
rCorr  +         Reflect  .     H - +0 pair of gloves
SustAt .         Harm     .     (no boots)
MR     .....                    (no amulet)
Stlth  ++........               (no ring)
                                y - ring of resist corrosion

@: very slightly contaminated, not resistant to hostile enchantments, unstealthy
A: molten scales 1, demonic guardian 1
a: Animate Remains, Renounce Religion


You were on level 3 of the Dungeon.
You worshipped Yredelemnul.
Yredelemnul was aware of your devotion.
You were not hungry.

You visited 1 branch of the dungeon, and saw 3 of its levels.

You collected 175 gold pieces.

Inventory:

Hand Weapons
 d - a +0 blowgun
 r - a +0 short sword
 x - a +2 hunting sling of flaming (weapon)
Missiles
 c - 12 poisoned needles
 q - 21 arrows
 v - 116 stones (quivered)
 D - 26 bolts
 E - a throwing net
Armour
 e - a +0 robe
 w - a +0 animal skin (worn)
 H - a +0 pair of gloves (worn)
Jewellery
 y - a ring of resist corrosion (left hand)
Wands
 a - a wand of enslavement (15/24)
Scrolls
 g - 2 scrolls of remove curse
 i - 3 scrolls of enchant weapon {unknown}
 j - a scroll of blinking {unknown}
 k - 2 scrolls of identify {unknown}
 l - 4 scrolls of enchant armour {unknown}
 m - a scroll of random uselessness {unknown}
 p - 3 scrolls of magic mapping {unknown}
 s - a scroll of recharging {unknown}
 B - 2 scrolls of noise {unknown}
 G - a scroll of teleportation {unknown}
Potions
 h - a potion of curing {unknown}
 o - a potion of brilliance {unknown}
 t - a potion of invisibility {unknown}
 u - a potion of flight {unknown}
 z - a potion of lignification {unknown}
 A - a potion of might {unknown}
 C - a potion of agility {unknown}
Books
 b - the Volume of Fire

   Spells                             Type                      Level
   a - Flame Tongue                   Conjuration/Fire             1
   b - Ignite Poison                  Fire/Transmutation/Poison    3
Comestibles
 f - 2 bread rations
 n - 2 fruits


   Skills:
 + Level 0.6 Fighting
 + Level 0.1 Short Blades
   Level 1.7 Axes
 + Level 1.5(1.8) Slings
 + Level 1.4(1.8) Throwing
 + Level 3.2 Armour
 + Level 1.6 Dodging
 + Level 0.8 Stealth
 + Level 1.6 Spellcasting
 + Level 1.2 Conjurations
 + Level 0.6 Fire Magic
 + Level 2.0 Poison Magic
 + Level 1.0 Evocations


You had 3 spell levels left.
You knew the following spells:

 Your Spells              Type           Power        Failure   Level  Hunger
a - Flame Tongue          Conj/Fire      #....        17%         1    ##.....
b - Ignite Poison         Fire/Trmt/Pois #.......     56%         3    ####...


Dungeon Overview and Level Annotations

Branches:
Dungeon (3/15)

Altars:
Kikubaaqudgha
Okawaru
Trog
Yredelemnul

Annotations:
D:3 leafyfresh's ghost, weakling DECj


Innate Abilities, Weirdness & Mutations

You are partially covered in molten scales (AC +1).
A weak demonic guardian rushes to your aid.


Message History

The flame tongue hits leafyfresh's ghost.
Leafyfresh's ghost is severely damaged.
Leafyfresh's ghost hits you but does no damage.
Firing (i - inventory. (,) - cycle):
v - 118 stones (quivered)
Press: ? - help, Shift-Dir - straight line, f/p - leafyfresh's ghost
Aim: leafyfresh's ghost (severely damaged)
You shoot a stone.
The stone completely misses leafyfresh's ghost.
Leafyfresh's ghost gestures at you while chanting.
The magic dart hits you!
* * * LOW HITPOINT WARNING * * *
Firing (i - inventory. (,) - cycle):
v - 117 stones (quivered)
Press: ? - help, Shift-Dir - straight line, f/p - leafyfresh's ghost
Aim: leafyfresh's ghost (severely damaged)
You shoot a stone. The stone hits leafyfresh's ghost.
The stone burns leafyfresh's ghost.
Leafyfresh's ghost is almost destroyed.
Leafyfresh's ghost hits you.
You die...
Your body rises from the dead as a mindless zombie.

# ### .. .. ##.##.###
.....†..# ### ......#
##.### #...# #.....
#..@############.###
#.#W................
#.....####.............
####.......#......⌠...≈
..(.#####.....#....≈≈
..((# #.....##..≈≈≈
#.### #.....##...≈≈ ..
##....#..≈≈≈≈
......#.≈..≈≈


You could see leafyfresh's ghost.

Vanquished Creatures
  6 adders
  3 gnolls (D:3)
  3 worms
  2 giant geckos
  A ball python (D:1)
  5 bats
  3 giant cockroaches (D:1)
  4 hobgoblins
  6 jackals
  6 kobolds
  A quokka (D:2)
  A giant newt (D:1)
  4 goblins
  10 rats
  A spectral orc (D:2)
56 creatures vanquished.

Vanquished Creatures (collateral kills)
  A kobold (D:3)
1 creature vanquished.

Grand Total: 57 creatures vanquished

Notes
Turn   | Place    | Note
--------------------------------------------------------------
     0 | D:1      | sireyedyealot the Demonspawn Wanderer began the quest for the Orb.
     0 | D:1      | sireyedyealot set off with: a wand of enslavement (15/24), the Volume of Fire, 12 poisoned needles, a +0 blowgun, a +0 robe, a bread ration
     0 | D:1      | Reached XP level 1. HP: 13/13 MP: 2/2
     0 | D:1      | Identified the Volume of Fire
     2 | D:1      | Learned a level 1 spell: Flame Tongue
   241 | D:1      | Reached skill level 3 in Armour
   567 | D:1      | Gained mutation: You are partially covered in molten scales (AC +1). [demonic ancestry]
   567 | D:1      | Reached XP level 2. HP: 13/19 MP: 3/3
  1378 | D:2      | Gained mutation: A weak demonic guardian rushes to your aid. [demonic ancestry]
  1378 | D:2      | Reached XP level 3. HP: 22/24 MP: 4/4
  1476 | D:2      | Found a bloodstained altar of Trog.
  1524 | D:2      | Found a basalt altar of Yredelemnul.
  1531 | D:2      | Became a worshipper of Yredelemnul the Dark
  1729 | D:2      | Reached skill level 1 in Dodging
  2059 | D:2      | Reached XP level 4. HP: 30/30 MP: 6/6
  2185 | D:2      | Found an iron altar of Okawaru.
  2451 | D:2      | Reached skill level 1 in Conjurations
  2523 | D:2      | Learned a level 3 spell: Ignite Poison
  2756 | D:3      | Reached skill level 1 in Slings
  2784 | D:3      | Noticed leafyfresh's ghost (weakling DECj)
  2994 | D:3      | Reached XP level 5. HP: 36/36 MP: 7/7
  3158 | D:3      | Found an ancient bone altar of Kikubaaqudgha.
  3169 | D:3      | Reached * piety under Yredelemnul
  3228 | D:3      | Slain by leafyfresh's ghost

Vault maps used:
D:1:      lemuel_arrival_room
D:2:      yredelemnul_forgotten_temple_becter, bloody_trog, first_bread,
          okawaru_gym_becter
D:3:      kiku_gazebo_pond_becter

Action                   |  1- 3 |  4- 6 || total
-------------------------+-------+-------++-------
Melee: Short sword       |    58 |     3 ||    61
 Fire: Blowgun           |    16 |       ||    16
       Hunting sling     |    10 |    58 ||    68
Throw: Stone             |     7 |       ||     7
 Cast: Flame Tongue      |    22 |    18 ||    40
       Ignite Poison     |       |     1 ||     1
  Use: Scroll            |     1 |       ||     1
 Stab: Sleeping          |     4 |       ||     4
  Eat: Chunk             |     2 |     3 ||     5
       Pizza             |     1 |       ||     1
       Fruit             |     1 |       ||     1
       Beef jerky        |       |     1 ||     1
